 Seeded DCSS version 0.28-a0-664-gc179e30c89 (webtiles) character file.

Game seed: 20211016 (custom seed)

855 a11behringer the Cudgeller (level 8, 0/48 HPs)
             Began as a Gargoyle Berserker on Oct 16, 2021.
             Was a Believer of Trog.
             Slain by an adder (1 damage)
             ... on level 5 of the Dungeon.
             The game lasted 00:14:25 (5066 turns).

a11behringer the Cudgeller (Gargoyle Berserker)     Turns: 5066, Time: 00:14:26

Health: 0/48       AC:  1    Str: 24    XL:     8   Next: 1%
Magic:  8/8        EV: 11    Int:  7    God:    Trog [**....]
Gold:   251        SH:  0    Dex: 11    Spells: 7/7 levels left

rFire   + . .      SeeInvis .   a - +0 mace
rCold   . . .      Faith    .   (no shield)
rNeg    + . .      Spirit   .   i - +0 ring mail
rPois   ∞          Reflect  .   j - +0 helmet
rElec   +          Harm     .   (no cloak)
rCorr   .          Rampage  .   (no gloves)
Will    .....                   f - +0 pair of boots
Stlth   +.........              (no amulet)
HPRegen 0.16/turn               d - ring of protection from fire
MPRegen 0.11/turn               (no ring)

@: corroded, on berserk cooldown
A: sickness immunity, AC +5, negative energy resistance 1, electricity
resistance, torment resistance 1, petrification resistance, agile 1
a: Renounce Religion, Berserk, Trog's Hand


You were on level 5 of the Dungeon.
You worshipped Trog.
Trog was pleased with you.
You visited 1 branch of the dungeon, and saw 5 of its levels.

You collected 251 gold pieces.

Inventory:

Hand Weapons
 a - a +0 mace (weapon)
 n - a +0 shortbow
 q - a +1 vorpal morningstar
Missiles
 c - 82 arrows
 e - 19 bolts
 p - a throwing net (quivered)
Armour
 b - a +0 animal skin
 f - a +0 pair of boots (worn)
 i - a +0 ring mail (worn)
 j - a +0 helmet (worn)
 k - a scarf of invisibility
 s - a +0 plate armour
Jewellery
 d - a ring of protection from fire (left hand)
 m - a ring of willpower
 r - a ring of protection from fire
 t - an amulet of faith
Wands
 o - a wand of flame (13)
 v - a wand of digging (6)
Scrolls
 u - a scroll of teleportation
 y - a scroll of enchant armour {unknown}
 A - 3 scrolls of identify
Potions
 g - a potion of mutation
 h - 2 potions of flight
 l - a potion of brilliance
 w - 2 potions of lignification {unknown}
 x - 2 potions of ambrosia {unknown}
 z - a potion of cancellation {unknown}


   Skills:
 + Level 4.6 Fighting
 * Level 7.2 Maces & Flails
 + Level 4.2 Armour
 + Level 3.2 Dodging


You had 7 spell levels left.
You didn't know any spells.
Your spell library was empty.

Dungeon Overview and Level Annotations

Branches:
Dungeon (5/15)
 Temple: D:4-7

Altars:
Wu Jian


Innate Abilities, Weirdness & Mutations

You are immune to sickness and miasma.
Your stone body is resilient. (AC +5)
You are immune to poison.
You resist negative energy. (rN+)
You are resistant to electric shocks. (rElec)
You are resistant to unholy torment.
You are immune to petrification.
You are agile. (Dex +2)


Message History

The jelly hits you but does no damage. The adder bites you but does no damage.
The jelly barely misses you.
You hit the jelly.
Your hands burn!
* * * LOW HITPOINT WARNING * * *
The jelly is almost dead.
You feel yourself speed up. The adder closely misses you.
The jelly barely misses you. The adder bites you but does no damage.
You hit the jelly but do no damage. The acid corrodes you!
Your hands burn!
* * * LOW HITPOINT WARNING * * *
The jelly is almost dead.
The adder barely misses you. The jelly hits you but does no damage.
You hit the jelly but do no damage.
Your hands burn!
* * * LOW HITPOINT WARNING * * *
The jelly is almost dead.
The adder bites you.
* * * LOW HITPOINT WARNING * * *
The jelly hits you but does no damage. The adder barely misses you.
You hit the jelly but do no damage. The acid corrodes you!
Your hands burn!
* * * LOW HITPOINT WARNING * * *
The jelly is almost dead.
The jelly completely misses you. The adder barely misses you.
You sock the jelly!
You kill the jelly!
Trog accepts your kill. The adder barely misses you.
You have reached level 8!
You feel stronger.
You hit the adder but do no damage. The adder misses you.
The adder bites you but does no damage.
You closely miss the adder. The adder bites you.
* * * LOW HITPOINT WARNING * * *
You hit the adder.
The adder is lightly wounded.
The adder bites you.
* * * LOW HITPOINT WARNING * * *
You barely miss the adder.
The adder is lightly wounded.
The adder barely misses you. The adder bites you.
You die...

.. .## #. #.##.###.## #.
.#...#...# #...#
#......#.# #...#
#..##..#.# #...#
#..##....####.. #...#
#..............
##...#####......@$......
.................S#...##
...............>........
............#....##.....
##..)########....# .###
##.#)## #...... .
#.###.# #....... .
##.#.## ###.###.###
##...# .# ..


You could see an adder.

Vanquished Creatures
  Grinder (D:3)
  2 ogres
  A centaur (D:3)
  An orc priest (D:3)
  2 bullfrog skeletons
  2 jellies (D:5)
  An iguana (D:5)
  3 orc wizards
  6 adders
  An ufetubus (D:4)
  2 adder skeletons (D:4)
  2 worms (D:2)
  6 dart slugs
  14 orcs
  5 bats
  3 endoplasms
  2 giant cockroaches
  9 goblins
  6 hobgoblins
  7 jackals
  5 kobolds
  A quokka (D:3)
  4 ball pythons
  2 frilled lizards
  5 rats
93 creatures vanquished.

Notes
Turn   | Place    | Note
-------+----------+-------------------------------------------
     0 | D:1      | a11behringer the Gargoyle Berserker began the quest for the
                  | Orb.
     0 | D:1      | Reached XP level 1. HP: 14/14 MP: 1/1
   337 | D:1      | Reached XP level 2. HP: 9/19 MP: 2/2
  1216 | D:2      | Reached XP level 3. HP: 21/24 MP: 3/3
  1249 | D:2      | Reached skill level 4 in Maces & Flails
  1594 | D:2      | Reached XP level 4. HP: 28/29 MP: 4/4
  1615 | D:2      | Gained mutation: You are agile. (Dex +2) [potion of
                  | mutation]
  1656 | D:2      | Found a faded altar of an unknown god.
  1700 | D:2      | Reached ** piety under Trog
  1990 | D:2      | Reached XP level 5. HP: 25/33 MP: 5/5
  2395 | D:3      | Noticed a centaur
  2404 | D:3      | Killed a centaur
  2405 | D:3      | Reached skill level 5 in Maces & Flails
  2442 | D:3      | Noticed Grinder
  2469 | D:3      | Killed Grinder
  2470 | D:3      | Reached skill level 6 in Maces & Flails
  2470 | D:3      | Reached XP level 6. HP: 9/38 MP: 6/6
  2756 | D:3      | Reached XP level 7. HP: 12/43 MP: 7/7
  4282 | D:4      | Found an ornate altar of the Wu Jian Council.
  4808 | D:5      | Entered Level 5 of the Dungeon
  4860 | D:5      | Reached skill level 7 in Maces & Flails
  5063 | D:5      | Reached XP level 8. HP: 5/48 MP: 8/8
  5065 | D:5      | HP: 1/48 [adder (3)]
  5066 | D:5      | Slain by an adder

Illustrated notes

Levels and vault maps discovered:
D:1:      nzn_arrival_crosshair, layout_loops_corners
D:2:      layout_basic, hellmonk_ecumenical_altar_heavens_door,
          minmay_misc_feat_ornament, lemuel_another_geyser
D:3:      layout_loops_cross, minmay_goblin_outpost, uniq_grinder
D:4:      layout_basic, mainiacjoe_overflow_paths
D:5:      layout_loops_cross, roderic_lattice_a,
          hangedman_abyss_or_decor_stagger

Skill      XL: |  1  2  3  4  5  6  7 |
---------------+----------------------+-----
Maces & Flails | 4 6 7 |  7.2
Dodging        | 2 3 |  3.2
Fighting       | 4 |  4.6
Armour         | 3 4 |  4.2

Action                   |  1- 3 |  4- 6 |  7- 9 || total
-------------------------+-------+-------+-------++-------
Melee: Mace              |    83 |   126 |   158 ||   367
Invok: Trog's Hand       |       |     3 |     2 ||     5
       Berserk           |       |     2 |     4 ||     6
  Use: Scroll            |     2 |     2 |     2 ||     6
       Potion            |       |     1 |       ||     1
 Stab: Sleeping          |     2 |       |       ||     2
Armor: Animal skin       |    36 |       |       ||    36
       Ring mail         |       |   119 |    85 ||   204
Dodge: Dodged            |    57 |   115 |   122 ||   294

Table legend: (Time is in decaauts)
 A = Elapsed time spent in this place.
 B = Non-inter-level travel time spent in this place.
 C = Inter-level travel time spent in this place.
 D = Time resting spent in this place.
 E = Time spent auto-exploring this place.
 F = Levels seen in this place.
 G = Mean time per level.
                   A        B        C        D        E       F      G
               +--------+--------+--------+--------+--------+-----+--------+
         Total |   5161 |   4651 |    510 |      0 |   3843 |   5 | 1032.2 |
       Dungeon |   5161 |   4651 |    510 |      0 |   3843 |   5 | 1032.2 |
               +--------+--------+--------+--------+--------+-----+--------+

Top non-repeatable levels by time:
     D:3: 1295 daAuts
     D:4: 1227 daAuts
     D:2: 1194 daAuts
     D:1: 1175 daAuts
     D:5: 268 daAuts
